Workbook

Sheet 附件1
A1: 附件1：
A2: 澄江市2025年度项目资产确权情况统计表
A3: 序号 | B3: 镇（街道） | C3: 项目实施实际投入合计 | D3: 资产总 个数 | E3: 资产原 值合计 | F3: 实地调查资产比例 | G3: 资产类别 | M3: 资产形态 | S3: 确权情况
G4: 经营性资产 | I4: 公益性资产 | K4: 到户类资产 | M4: 固定资产 | O4: 生物类 | Q4: 权益类 | S4: 确权到 户占比 | T4: 确权到 村占比 | U4: 确权到 乡占比 | V4: 确权到 县（部门） 占比
G5: 个数 | H5: 原值 | I5: 个数 | J5: 原值 | K5: 个数 | L5: 原值 | M5: 个数 | N5: 原值 | O5: 个数 | P5: 原值 | Q5: 个数 | R5: 原值
B6: 合计 | C6: =SUM(C7:C12) -> 20 | D6: =SUM(D7:D12) -> 20 | E6: =SUM(E7:E12) -> 2997.0624 | F6: =SUM(F7:F12) -> 5 | G6: =SUM(G7:G12) -> 14 | H6: =SUM(H7:H12) -> 2038.5617 | I6: =SUM(I7:I12) -> 6 | J6: =SUM(J7:J12) -> 958.50075 | ... R6: =SUM(R7:R12) -> 0 | T6: 1
A7: 1 | B7: 凤麓街道 | C7: 0 | D7: 0 | E7: =SUMIF(附件2!B:B,B7,附件2!E:E) -> 0 | G7: =SUMIFS(附件2!E:E,附件2!B:B,B7,附件2!F:F,"经营性资产") -> 0 | H7: =SUMIFS(附件2!E:E,附件2!B:B,B7,附件2!F:F,"经营性资产") -> 0 | J7: =SUMIFS(附件2!E:E,附件2!B:B,B7,附件2!F:F,"公益性资产") -> 0 | M7: 0 | N7: =SUMIFS(附件2!E:E,附件2!B:B,B7,附件2!H:H,"固定资产") -> 0
A8: 2 | B8: 龙街街道 | C8: 5 | D8: 5 | E8: =SUMIF(附件2!B:B,B8,附件2!E:E) -> 625.25105 | F8: 1 | G8: 3 | H8: =SUMIFS(附件2!E:E,附件2!B:B,B8,附件2!F:F,"经营性资产") -> 565.7803 | I8: 2 | J8: =SUMIFS(附件2!E:E,附件2!B:B,B8,附件2!F:F,"公益性资产") -> 59.470754 | M8: 5 | N8: =SUMIFS(附件2!E:E,附件2!B:B,B8,附件2!H:H,"固定资产") -> 625.25105 | T8: 1
A9: 3 | B9: 右所镇 | C9: 5 | D9: 5 | E9: =SUMIF(附件2!B:B,B9,附件2!E:E) -> 908.06 | F9: 1 | G9: 5 | H9: =SUMIFS(附件2!E:E,附件2!B:B,B9,附件2!F:F,"经营性资产") -> 908.06 | J9: =SUMIFS(附件2!E:E,附件2!B:B,B9,附件2!F:F,"公益性资产") -> 0 | M9: 5 | N9: =SUMIFS(附件2!E:E,附件2!B:B,B9,附件2!H:H,"固定资产") -> 908.06 | T9: 1
A10: 4 | B10: 路居镇 | C10: 2 | D10: 2 | E10: =SUMIF(附件2!B:B,B10,附件2!E:E) -> 265.90138 | F10: 1 | G10: 2 | H10: =SUMIFS(附件2!E:E,附件2!B:B,B10,附件2!F:F,"经营性资产") -> 265.90138 | J10: =SUMIFS(附件2!E:E,附件2!B:B,B10,附件2!F:F,"公益性资产") -> 0 | M10: 2 | N10: =SUMIFS(附件2!E:E,附件2!B:B,B10,附件2!H:H,"固定资产") -> 265.90138 | T10: 1
A11: 5 | B11: 海口镇 | C11: 6 | D11: 6 | E11: =SUMIF(附件2!B:B,B11,附件2!E:E) -> 834.87 | F11: 1 | G11: 3 | H11: =SUMIFS(附件2!E:E,附件2!B:B,B11,附件2!F:F,"经营性资产") -> 248.78 | I11: 3 | J11: =SUMIFS(附件2!E:E,附件2!B:B,B11,附件2!F:F,"公益性资产") -> 586.09 | M11: 6 | N11: =SUMIFS(附件2!E:E,附件2!B:B,B11,附件2!H:H,"固定资产") -> 834.87 | T11: 1
A12: 6 | B12: 九村镇 | C12: 2 | D12: 2 | E12: =SUMIF(附件2!B:B,B12,附件2!E:E) -> 362.98 | F12: 1 | G12: 1 | H12: =SUMIFS(附件2!E:E,附件2!B:B,B12,附件2!F:F,"经营性资产") -> 50.04 | I12: 1 | J12: =SUMIFS(附件2!E:E,附件2!B:B,B12,附件2!F:F,"公益性资产") -> 312.94 | M12: 2 | N12: =SUMIFS(附件2!E:E,附件2!B:B,B12,附件2!H:H,"固定资产") -> 362.98 | T12: 1

Sheet 附件2
A1: 附件2：
A2: 2026年澄江市衔接资金项目资产登记表
A3: 序号 | B3: 镇（街道） | C3: 资产名称 | D3: 资产坐落地 | E3: 资产原值 （万元） | F3: 资产类别 | G3: 资产属性 | H3: 资产形态 | I3: 具体形态 | J3: 规模 | K3: 单位 | L3: 备注
A4: 1 | B4: 龙街街道 | C4: 澄江市2025年中央财政衔接资金-龙街街道办事处华光社区民族村寨旅游提升建设项目 | D4: 华光社区 | E4: 29.738945 | F4: 公益性资产 | G4: 集体资产 | H4: 固定资产 | I4: 房屋室内改造 | J4: 该项目占地面积215平方米，主要建设：1.原屋面拆除322.50平方米；2.破损主体木结构拆除215.00平方米；3.内部满堂脚手架搭建420.00平方米；4.主体木结构安装215.00平方米；5.房屋山墙修缮268.50平方米。 | K4: 项
A5: 2 | B5: 龙街街道 | C5: 澄江市2025年中央财政衔接资金-龙街街道办事处华光社区一组民族村寨旅游提升建设项目 | D5: 华光社区一组 | E5: 29.731809 | F5: 公益性资产 | G5: 集体资产 | H5: 固定资产 | I5: 房屋室内改造 | J5: 该项目占地面积286平方米，主要建设：1.瓦屋面铺设322.5平方米；2.内墙装修改造635平方米；3.地面地砖铺设286平方米；4.木质门窗安装58平方米；5.室内水电改造286平方米。 | K5: 项
A6: 3 | B6: 龙街街道 | C6: 澄江市龙街街道立昌社区2025年财政衔接资金农特产品分拣包装车间及交易中心建设项目 | D6: 立昌社区 | E6: 100.00407 | F6: 经营性资产 | G6: 集体资产 | H6: 固定资产 | I6: 房屋室内改造 | J6: 本项目建设内容为利用现有社区闲置资产改造农特产品分拣包装车间及交易中心。改造交易中心建筑面积341.36平方米，改造部位为32栋负一层，改造内容包括室内装修改造、给排水改造、电气改造等；改造农特产品分拣包装车间建筑面积341.36平方米，改造部位为8栋负一层，改造内容包括室内装修改造、给排水改造、电气改造等。 | K6: 项
A7: 4 | B7: 龙街街道 | C7: 2025年度中央和省级财政扶持新型农村集体经济发展—养白牛社区白石坝老腊肉加工用房扩建项目 | D7: 养白牛社区白石坝小组 | E7: 70.026826 | F7: 经营性资产 | G7: 集体资产 | H7: 固定资产 | I7: 加工厂房 | J7: (1)70万元中央财政衔接推进乡村振兴补助资金：老腊肉加工用房建设，投资概算70万元。①加工间42㎡，概算投资10万元；②晾晒间159㎡，概算投资38万元；③储存间 63㎡，概算投资12万元；④消毒间36㎡，概算投资10万元。 (2)5万元社区自筹资金：老腊肉用房相关附属建设，投资概算5万元。①水电设施改造，概算投资3万元；②老腊肉加工用房周边绿化200㎡，概算投资2万元。 | K7: 项
A8: 5 | B8: 龙街街道 | C8: 澄江市龙街街道左所社区2024年衔接资金-高原特色农业种植秸秆资源化利用示范项目 | D8: 左所社区 | E8: 395.7494 | F8: 经营性资产 | G8: 集体资产 | H8: 固定资产 | I8: 轻钢大棚 | J8: 新建轻钢结构大棚3200㎡；新建管理用房50.4㎡；场地土方开挖15096.1m³；场地土方回填5998.62m³；浇筑混凝土挡土墙960m³；安装室外管网170m。 | K8: 项
A9: 6 | B9: 右所镇 | C9: 澄江市2025年中央财政衔接资金-民族团结示范镇项目 | D9: 吉花社区兜底寺小组 | E9: 520.41 | F9: 经营性资产 | G9: 集体资产 | H9: 固定资产 | I9: 房屋 | J9: 建筑面积1168.50平方米。地上一层：新建钢结构农持产品堆放区座，占地面积364.80平方米，地上一层；新建管理用房1栋，建筑占地面积184.19平方米，地上二层、总建筑面积388.34平方米；附属工程：护栏71.4米、电动门2道、冷凝水池1座、250KVA交压器1台。 | K9: 项
A10: 7 | B10: 右所镇 | C10: 澄江市右所镇矣旧社区 2025 年衔接资金乡村旅游创意园建设项目（二期） | D10: 矣旧社区矣旧七组 | E10: 146.02 | F10: 经营性资产 | G10: 集体资产 | H10: 固定资产 | I10: 场地 | J10: 1、一号提升点：规划总用地1279平方米，其中地面硬化1129平方米，建筑总面积270平方米，设置有19个车位，绿化面积159平方米，挡土墙40米，桥米种植9棵。2、二号提升点：规划总用地3610.75平方米，其中地面硬化2976平方米，树池坐凳面积35.4平方米，设置有59个车位，绿化面积186平方米，拆除建筑41平方米，挡土墙126米，桥米种植5棵，村名标牌1座。 | K10: 项
A11: 8 | B11: 右所镇 | C11: 澄江市2025年中央财政衔接资金-右所镇民族手工业融合创新发展项目 | D11: 吉花社区洋潦营小组 | E11: 20.63 | F11: 经营性资产 | G11: 集体资产 | H11: 固定资产 | I11: 房屋内装饰及家具 | J11: 改造200平方米民族手工艺研学体验区，购买手工藕粉制作器材 | K11: 项
A12: 9 | B12: 右所镇 | C12: 澄江市右所镇吉花社区2025年衔接资金-洋潦营小组旅游产业配套设施建设项目 | D12: 吉花社区洋潦营小组 | E12: 151 | F12: 经营性资产 | G12: 集体资产 | H12: 固定资产 | I12: 房屋 | J12: 洋潦营旅游产业配套用房1栋，占地280平方米，建筑层数三层，总建筑面积584.70平方米 | K12: 项
A13: 10 | B13: 右所镇 | C13: 澄江市右所镇小湾社区旅居改造提升项目 | D13: 小湾社区小湾小组 | E13: 70 | F13: 经营性资产 | G13: 集体资产 | H13: 固定资产 | I13: 房屋 | J13: （1）建筑加固及外立面改造。①对现有400㎡房屋进行加固；②修复改造外立面约800㎡。 （2）内部空间改造。①拆除约200㎡非承重墙体，新建约420㎡隔断墙，改造约1000㎡的墙面。②水电改造、吊顶、刮白、瓷砖、门窗改造、洁具安装等硬装。 | K13: 项
A14: 11 | B14: 路居镇 | C14: 澄江市路居镇2025年财政衔接推进乡村振兴—三百亩提水泵站建设项目 | D14: 路居镇三百亩村委会 | E14: 196.93678 | F14: 经营性资产 | G14: 集体资产 | H14: 固定资产 | I14: 供水饮水类 | J14: ①新建200m³高位水池1座；②提水管道工程：DN150*5.0mm热镀锌无缝钢：1686m，DN50*3.75mm热镀锌钢管:186m；③输水主管工程：DN150*4.5mm热镀锌钢管（焊接连接）：2588.4m、DN150*4.5mm热镀锌钢管(法兰连接):2154m；④零星工程等内容。 | K14: 项
A15: 12 | B15: 路居镇 | C15: 2025年度中央和省级财政扶持新型农村集体经济路居镇中坝社区食用菌种植车间改造项目 改造25座电烤房改造为食用菌种植车间，并配套安装了控温设备及可移动菌床。 | D15: 路居镇中坝社区 | E15: 68.9646 | F15: 经营性资产 | G15: 集体资产 | H15: 固定资产 | I15: 生产加工设施 | J15: 1.安装25座电烤房钢结构种植架，80.352㎡/座，25座合计2008.80㎡；2.铺设DN25水管，95.20m/座，25座合计工程量：2380.00m；3.每座电烤房安装12个阀门，25座合计工程量：300个；4.每座电烤房安装108个雾化喷头，25座合计工程量：2700个；5.超声波加湿器，工程量：25台（1座1台）；6.给水管室内加湿器给水管安装，25座，11.50m/座，25座合计工程量：287.50m；7.时控开关，工程量：5个（5座连体烤房共用一个时控开关）；8.配线，25座，19.44m/座，25座合计工程量：486.00m；9.食用菌补光灯条安装25座，92.40m/座，25座合计工程量：2310.00m；10.控制系统改造安装工程量：25套（1座1套）。 | K15: 项
... A23: 20 | B23: 九村镇 | C23: 澄江市九村镇东山村委会2025年衔接资金-黄家庄小组、狮子山小组以工代赈村内道路建设项目 | D23: 东山村委会黄家庄、狮子山搬迁点 | E23: 312.94 | F23: 公益性资产 | G23: 集体资产 | H23: 固定资产 | I23: 村内道路 | J23: 1.200mm厚C25混凝土路面硬化9256.40平方米； 2.砖砌挡土墙砌筑118.60立方米，C20混凝土挡土墙浇筑1246.20立方米。 3.交通标识牌安装10块。 | K23: 项
